 Dungeon Crawl Stone Soup version 0.30.0-19-g36f170ea60 (webtiles) character file.

Game seed: 17643065286636776331

53 EC1 the Poker (level 3, 0/28 HPs)
             Began as a Merfolk Gladiator on May 30, 2023.
             Succumbed to an adder's poison
             ... on level 2 of the Dungeon.
             The game lasted 00:03:55 (3483 turns).

EC1 the Poker (Merfolk Gladiator)                   Turns: 3483, Time: 00:03:56

Health: 0/28       AC:  4    Str: 14      XL:     3   Next: 89%
Magic:  3/3        EV: 13    Int:  6 (7)  God:
Gold:   103        SH:  0    Dex: 14 (17) Spells: 2/2 levels left

rFire   . . .        a - +0 trident
rCold   . . .        (no shield)
rNeg    . . .        b - +0 leather armour
rPois   .            c - +0 helmet
rElec   .            (no cloak)
rCorr   .            (no gloves)
SInv    .            (no boots)
Will    .....        (no amulet)
Stlth   +            (no ring)
HPRegen 0.24/turn    (no ring)
MPRegen 0.08/turn

%: no passive effects
@: lethally poisoned (0 -> 0)
A: (nimble swimmer 2), mertail
a: no special abilities


You were on level 2 of the Dungeon.
You visited 1 branch of the dungeon, and saw 2 of its levels.

You collected 103 gold pieces.

Inventory:

Hand Weapons
 a - a +0 trident (weapon)
Missiles
 d - 3 throwing nets (quivered)
 e - a javelin
Armour
 b - a +0 leather armour (worn)
 c - a +0 helmet (worn)
Scrolls
 f - a scroll of brand weapon
Potions
 g - a potion of ambrosia {unknown}


   Skills:
 + Level 2.6 Fighting
 + Level 5.1 Polearms
 + Level 2.0 Throwing
 + Level 0.7 Armour
 + Level 4.4 Dodging
 + Level 0.4 Stealth


You had 2 spell levels left.
You didn't know any spells.
Your spell library was empty.

Dungeon Overview and Level Annotations

Branches:
Dungeon (2/15)

Altars:


Innate Abilities, Weirdness & Mutations

((You are very nimble when in or above water. (Stealth+, EV+, Speed+++)))
Your lower body shifts to a powerful aquatic tail in water.


Message History

You barely miss the adder. The adder bites you.
You are poisoned.
The adder poisons you! The adder bites you.
You are more poisoned.
The adder poisons you!
You miss the adder.
You feel sick. The adder bites you but does no damage.
You barely miss the adder.
You feel sick. The adder barely misses you. The adder completely misses you.
You puncture the adder!
The adder is severely wounded.
You feel sick. The adder bites you.
You are more poisoned.
The adder poisons you!
You hit the adder.
The adder is almost dead.
You feel very sick. The adder bites you but does no damage.
You barely miss the adder.
The adder is almost dead.
You feel sick. The adder bites you but does no damage.
The adder barely misses you.
You closely miss the adder.
The adder is almost dead.
You feel sick. The adder bites you.
* * * LOW HITPOINT WARNING * * *
You hit the adder.
You kill the adder!
You feel sick. The bat hits you but does no damage. The bat hits you.
* * * LOW HITPOINT WARNING * * *
You feel your strength returning.
* * * LOW HITPOINT WARNING * * *
You feel sick. The bat closely misses you.
You closely miss the bat.
* * * LOW HITPOINT WARNING * * *
You feel sick. The bat hits you.
* * * LOW HITPOINT WARNING * * *
* * * LOW HITPOINT WARNING * * *
You feel sick. The bat barely misses you. x2
You miss the bat.
You die...

#..# #..# ##### #..#
...# #..#
#.#######..#
#..........#
#..........#
#########.##########
......b@..#
###########


You could see a bat.

Vanquished Creatures
  An adder (D:2)
  A worm (D:2)
  A dart slug (D:1)
  3 ball pythons (D:1)
  3 bats
  4 endoplasms
  2 giant cockroaches
  3 goblins (D:1)
  4 hobgoblins
  6 kobolds
  3 frilled lizards (D:1)
  8 rats
39 creatures vanquished.

Notes
Turn   | Place    | Note
-------+----------+-------------------------------------------
     0 | D:1      | EC1 the Merfolk Gladiator began the quest for the Orb.
     0 | D:1      | Reached XP level 1. HP: 16/16 MP: 1/1
   107 | D:1      | Reached XP level 2. HP: 9/22 MP: 2/2
   426 | D:1      | Reached XP level 3. HP: 24/28 MP: 3/3
  3197 | D:2      | Reached skill level 5 in Polearms
  3482 | D:2      | HP: 1/28 [poisoned by an adder]
  3483 | D:2      | Succumbed to an adder's poison

Illustrated notes

Levels and vault maps discovered:
D:1:      amcnicky_arrival_wind_blow, layout_basic, minmay_pentomino_r2
D:2:      layout_loops_ring, shapermc_ecumenical_altar_totnotflames

Skill      XL: |  1  2  3 |
---------------+----------+-----
Polearms       | 5 |  5.1
Fighting       | |  2.6
Throwing       | |  2.0
Armour         | |  0.7
Dodging        | |  4.4
Stealth        | |  0.4

Action                     || total
---------------------------++-------
  Melee: Trident           ||   144
    Use: Potion            ||     4
         Scroll            ||     3
 Armour: Leather armour    ||    37
  Dodge: Dodged            ||    89
